 Dungeon Crawl Stone Soup version 0.32-a0-732-ga344392067 (webtiles) character file.

Game seed: 10981239053291140455

1311 gimp the Skirmisher (level 8, -1/56 HPs)
             Began as a Coglin Hunter on Mar 16, 2024.
             Slain by an orc warrior
             ... wielding a +0 scimitar
              (9 damage)
             ... on level 5 of the Dungeon.
             The game lasted 00:07:19 (5125 turns).

gimp the Skirmisher (Coglin Hunter)                 Turns: 5125, Time: 00:07:20

Health: -1/56      AC:  5    Str: 12 (13) XL:     8   Next: 58%
Magic:  8/8        EV: 11    Int:  6 (8)  God:
Gold:   156        SH:  0    Dex: 17 (19) Spells: 7/7 levels left

rFire   . . .        a - +2 sling {Ramón}
rCold   . . .        v - +3 sling {Jubei}
rNeg    . . .        c - +0 leather armour
rPois   .            p - +0 helmet
rElec   .            (no cloak)
rCorr   .            u - +0 pair of gloves
SInv    .            (no boots)
Will    .....        (amulet unavailable)
Stlth   ++           (ring unavailable)
HPRegen 0.29/turn    (ring unavailable)
MPRegen 0.11/turn    (no gizmo)

%: no passive effects
@: attractive, revving
A: off-hand wielding, slow wielding, warmup strikes, no jewellery
a: Invent Gizmo


You were on level 5 of the Dungeon.
You visited 2 branches of the dungeon, and saw 7 of its levels.

You collected 241 gold pieces.
You spent 85 gold pieces at shops.

Inventory:

Hand Weapons
 a - a +2 sling (weapon) {Ramón}
 v - a +3 sling (offhand) {Jubei}
Armour
 c - a +0 leather armour (worn)
 p - a +0 helmet (worn)
 u - a +0 pair of gloves (worn)
Scrolls
 b - a scroll of butterflies
 d - a scroll of enchant armour {unknown}
 e - a scroll of brand weapon {unknown}
 f - 2 scrolls of immolation {unknown}
 h - a scroll of enchant weapon {unknown}
 j - 3 scrolls of teleportation {unknown}
 k - a scroll of amnesia {unknown}
 m - 7 scrolls of identify {unknown}
 r - a scroll of fog {unknown}
 t - a scroll of fear {unknown}
 y - a scroll of noise {unknown}
Potions
 g - 3 potions of haste
 i - 2 potions of invisibility {unknown}
 o - a potion of brilliance {unknown}
 q - 3 potions of curing {unknown}
 s - 2 potions of attraction
 w - a potion of cancellation
 x - 3 potions of might {unknown}


   Skills:
 - Level 2.0 Fighting
 * Level 10.1 Ranged Weapons
 - Level 1.7 Dodging
 - Level 0.7 Stealth


You had 7 spell levels left.
You didn't know any spells.
Your spell library contained the following spells:

 Spells                   Type           Power      Damage    Failure   Level
 Foxfire                  Conj/Fire      0%         2x1d4     54%         1
 Kiss of Death            Conj/Necr      0%         2d5       54%         1
 Sandblast                Erth           0%         2d4       54%         1
 Confusing Touch          Hex            0%         N/A       88%         3
 Stone Arrow              Conj/Erth      0%         3d7       88%         3
 Animate Armour           Summ/Erth      0%         N/A       99%         4
 Brom's Barrelling Bould  Conj/Erth      0%         2d3       99%         4
 Dispel Undead            Necr           0%         3d6       99%         4
 Freezing Cloud           Conj/Ice/Air   0%         6-21      100%        5
 Summon Forest            Summ/Tloc      0%         N/A       100%        5
 Summon Mana Viper        Hex/Summ       0%         N/A       100%        5
 Summon Cactus Giant      Summ           0%         N/A       100%        6
 Ozocubu's Refrigeration  Ice            0%         4d7       100%        7
 Spellforged Servitor     Conj/Summ      0%         N/A       100%        7
 Lehudib's Crystal Spear  Conj/Erth      0%         10d2      100%        8


Dungeon Overview and Level Annotations

Branches:
Dungeon (6/15)             Temple (1/1) D:5

Altars:
Cheibriados
Dithmenos
Elyvilon
Fedhas
Gozag
Hepliaklqana
Kikubaaqudgha
Makhleb
Nemelex Xobeh
Okawaru
Qazlal
Ru
Trog
Uskayaw
Vehumet
Xom
Yredelemnul

Shops:
D:1 *(

Annotations:
D:5 2 transporters, Gazog's ghost, amateur GnFi


Innate Abilities, Weirdness & Mutations

You can wield a second weapon in your off-hand.
It takes a long time for you to wield or remove held weapons.
Your first few attacks do less damage.
You cannot equip rings or amulets.


Message History

You shoot a sling bullet. The sling bullet hits the adder.
The adder is heavily wounded.
You shoot a sling bullet.
The sling bullet closely misses the adder.
You feel sick. The adder bites you but does no damage.
You take 1 damage, and have 54/56 hp.
You shoot a sling bullet.
The sling bullet barely misses the adder.
You shoot a sling bullet. The sling bullet hits the adder.
You kill the adder!
You feel sick.
You take 1 damage, and have 53/56 hp.
No target in view!
No target in view!
You feel sick.
You feel sick.
You are no longer poisoned.
HP restored.
An orc warrior and an orc come into view.
The orc warrior shouts!
An orc comes into view. It is wielding a +0 whip.
Health restored: 56 You shoot a sling bullet.
The sling bullet hits the orc warrior but does no damage.
You shoot a sling bullet. The sling bullet hits the orc warrior.
The orc warrior is lightly wounded.
You shoot a sling bullet.
The sling bullet hits the orc warrior but does no damage.
The orc warrior is lightly wounded.
You shoot a sling bullet. The sling bullet hits the orc warrior.
The orc warrior is lightly wounded.
You shoot a sling bullet.
The sling bullet barely misses the orc warrior.
You shoot a sling bullet. The sling bullet hits the orc warrior.
The orc warrior is moderately wounded.
There is a stone staircase leading up here.
You shoot a sling bullet.
The sling bullet hits the orc warrior but does no damage.
The orc warrior is moderately wounded.
You shoot a sling bullet.
The sling bullet barely misses the orc warrior.
You shoot a sling bullet.
The sling bullet closely misses the orc warrior.
You shoot a sling bullet.
The sling bullet barely misses the orc warrior.
You shoot a sling bullet.
The sling bullet hits the orc warrior but does no damage.
The orc warrior is moderately wounded.
You shoot a sling bullet. The sling bullet hits the orc warrior.
The orc warrior is heavily wounded.
The orc warrior hits you with a +0 scimitar!
You take 14 damage, and have 42/56 hp.
MASSIVE DAMAGE!!
You aren't carrying any items that you can evoke.
Unknown command.
The orc warrior misses you.
You climb upwards.
Level annotation: 2 transporters, Gazog's ghost, amateur GnFi
There is a stone staircase leading down here.
It was a potion of degeneration.
There was something very wrong with that liquid.
You feel weakened.
You feel dopey.
You feel clumsy. The orc warrior barely misses you.
It was a potion of magic.
Magic courses through your body. The orc warrior barely misses you.
It was a potion of cancellation.
You feel magically purged.
The orc warrior hits you with a +0 scimitar!
You take 11 damage, and have 33/56 hp.
You shoot a sling bullet.
The sling bullet hits the orc warrior but does no damage.
The orc warrior is heavily wounded.
You shoot a sling bullet.
The sling bullet barely misses the orc warrior.
The orc warrior misses you.
You shoot a sling bullet.
The sling bullet hits the orc warrior but does no damage.
The orc warrior is heavily wounded.
You shoot a sling bullet.
The sling bullet hits the orc warrior but does no damage.
The orc warrior is heavily wounded.
The orc warrior hits you with a +0 scimitar.
You take 4 damage, and have 29/56 hp.
You shoot a sling bullet. The sling bullet hits the orc warrior.
The orc warrior is heavily wounded.
You shoot a sling bullet.
The sling bullet hits the orc warrior but does no damage.
The orc warrior is heavily wounded.
The orc warrior hits you with a +0 scimitar!
You take 10 damage, and have 19/56 hp.
You shoot a sling bullet.
The sling bullet hits the orc warrior but does no damage.
The orc warrior is heavily wounded.
You shoot a sling bullet. The sling bullet hits the orc warrior.
The orc warrior is severely wounded.
The orc warrior hits you with a +0 scimitar!
* * * LOW HITPOINT WARNING * * *
You take 11 damage, and have 8/56 hp.
It was a potion of attraction.
You feel attractive to monsters.
The orc warrior hits you with a +0 scimitar!
You die...

#.............########..#
#.##....#####.########..####
#.##.#######................
#.##..........########..####
#.##.########.# #..####
#.##.# #.# #...... #.##.#
#.# #.#####
#.##.########.########.#
#.##.......@o..........#
#.............##########
###############


You could see an orc warrior.

Vanquished Creatures
  3 yaks (D:5)
  A water moccasin (D:5)
  A phantom (D:4)
  2 scorpions (D:4)
  A jelly (D:5)
  A bombardier beetle (D:4)
  An orc priest (D:5)
  A hound (D:3)
  Jessica (D:2)
  3 iguanas
  2 orc wizards (D:4)
  Robin (D:2)
  4 gnolls
  9 adders
  4 ufetubi (D:5)
  2 ribbon worms
  5 dart slugs
  14 orcs
  6 endoplasms
  4 giant cockroaches
  9 hobgoblins
  11 kobolds
  5 quokkas
  6 ball pythons
  4 bats (D:1)
  5 frilled lizards
  20 goblins
  4 rats
130 creatures vanquished.

Notes
Turn   | Place    | Note
-------+----------+-------------------------------------------
     0 | D:1      | gimp the Coglin Hunter began the quest for the Orb.
     0 | D:1      | Reached XP level 1. HP: 16/16 MP: 1/1
    96 | D:1      | Reached skill level 4 in Ranged Weapons
    96 | D:1      | Reached XP level 2. HP: 22/22 MP: 2/2
   275 | D:1      | Found Juduisk's Assorted Antiques.
   293 | D:1      | Found Cuysk's Antique Weapon Emporium.
   348 | D:1      | Reached XP level 3. HP: 27/27 MP: 3/3
   636 | D:2      | Reached skill level 5 in Ranged Weapons
   636 | D:2      | Reached XP level 4. HP: 32/33 MP: 4/4
   645 | D:2      | Noticed Robin
   666 | D:2      | Killed Robin
   845 | D:2      | Reached XP level 5. HP: 20/38 MP: 5/5
  1003 | D:2      | Noticed Jessica
  1005 | D:2      | Killed Jessica
  1331 | D:3      | Reached skill level 6 in Ranged Weapons
  1409 | D:3      | Found a sparkling altar of Nemelex Xobeh.
  1862 | D:1      | Bought a runed sling for 85 gold pieces
  2010 | D:3      | Found a hide-covered altar of Uskayaw.
  2216 | D:3      | Reached XP level 6. HP: 44/44 MP: 6/6
  2903 | D:4      | Got the Encyclopedia of Context
  2917 | D:4      | Reached skill level 7 in Ranged Weapons
  3244 | D:4      | Reached XP level 7. HP: 33/50 MP: 7/7
  3821 | D:5      | Entered Level 5 of the Dungeon
  3844 | D:4      | Reached skill level 8 in Ranged Weapons
  4045 | D:5      | Found a transporter.
  4045 | D:5      | Noticed Gazog's ghost (amateur GnFi)
  4046 | D:5      | Found a transporter.
  4047 | D:5      | Noticed a two-headed ogre
  4071 | D:5      | Found an ancient bone altar of Kikubaaqudgha.
  4255 | D:5      | Noticed a yak
  4256 | D:5      | Noticed a yak
  4262 | D:5      | Noticed a yak
  4278 | D:5      | Killed a yak
  4294 | D:5      | Killed a yak
  4295 | D:5      | Reached skill level 9 in Ranged Weapons
  4295 | D:5      | Reached XP level 8. HP: 20/56 MP: 8/8
  4326 | D:5      | Killed a yak
  4542 | D:5      | Found an opulent altar of Gozag.
  4721 | D:5      | Found a staircase to the Ecumenical Temple.
  4735 | Temple   | Entered the Ecumenical Temple
  4778 | D:5      | Reached skill level 10 in Ranged Weapons
  5071 | D:6      | Found an iron altar of Okawaru.
  5125 | D:5      | Slain by an orc warrior

Illustrated notes

Levels and vault maps discovered:
D:1:      mainiacjoe_arrival_oval_in_oval, layout_rooms, serial_shops, shop,
          nicolae_shop_crystal, hangedman_decor_push
D:2:      layout_basic, interstate_on_off, uniq_jessica, uniq_robin
D:3:      minmay_recursive_quarters, layout_basic, lemuel_doored_altar,
          mainiacjoe_overflow_tiny_flanked
D:4:      layout_basic, chequers_serial_rivers_large_b,
          dreamdust_princess_corridor
D:5:      layout_loops_ring, mainiacjoe_overflow_brackets, lemuel_crystal_altar,
          minmay_temple_entry_tees, gammafunk_ghost_arena
D:6:      layout_rooms, okawaru_ov_weapons_minmay, serial_shops,
          nicolae_shop_stone
Temple:   nicolae_temple_x_marks_the_god

Skill      XL: |  1  2  3  4  5  6  7  8 |
---------------+-------------------------+-----
Ranged Weapons | 4 5 6 7 9 10 | 10.1
Fighting       | |  2.0
Dodging        | |  1.7
Stealth        | |  0.7

Action                     |  1- 3 |  4- 6 |  7- 9 || total
---------------------------+-------+-------+-------++-------
   Fire: Sling             |   122 |   364 |   240 ||   726
    Use: Potion            |       |       |     5 ||     5
 Armour: Leather armour    |     8 |    46 |    48 ||   102
  Dodge: Dodged            |     9 |    25 |    30 ||    64

Table legend: (Time is in decaauts)
 A = Elapsed time spent in this place.
 B = Non-inter-level travel time spent in this place.
 C = Inter-level travel time spent in this place.
 D = Time resting spent in this place.
 E = Time spent auto-exploring this place.
 F = Levels seen in this place.
 G = Mean time per level.
                   A        B        C        D        E       F      G
               +--------+--------+--------+--------+--------+-----+--------+
         Total |   5172 |   4706 |    466 |      0 |   3925 |   7 |  738.9 |
       Dungeon |   5171 |   4705 |    466 |      0 |   3925 |   6 |  861.8 |
        Temple |      1 |      1 |      0 |      0 |      0 |   1 |    1.0 |
               +--------+--------+--------+--------+--------+-----+--------+

Top non-repeatable levels by time:
     D:3: 1328 daAuts
     D:4: 1223 daAuts
     D:5: 1169 daAuts
     D:2: 848 daAuts
     D:1: 555 daAuts
     D:6: 45 daAuts
  Temple: 1 daAuts
